 Dungeon Crawl Stone Soup version 0.30-a0-476-g330ca2eb8e (webtiles) character file.

Game seed: 1228402258631707362

166 xzight the Sneak (level 5, -10/24 HPs)
             Began as a Spriggan Enchanter on Dec 21, 2022.
             Killed from afar by a white imp (13 damage)
             ... with a puff of frost
             ... on level 3 of the Dungeon.
             The game lasted 00:09:47 (2882 turns).

xzight the Sneak (Spriggan Enchanter)               Turns: 2882, Time: 00:09:48

Health: -10/24     AC:  2    Str:  4    XL:     5   Next: 22%
Magic:  11/11      EV: 19    Int: 16    God:
Gold:   142        SH:  0    Dex: 18    Spells: 3/11 levels left

rFire   . . .      SeeInvis +    a - +1 dagger
rCold   . . .      Faith    .    (no shield)
rNeg    . . .      Spirit   .    b - +0 robe
rPois   .          Reflect  .    (helmet restricted)
rElec   .          Harm     .    (no cloak)
rCorr   .          Rampage  .    (gloves unavailable)
Will    .....                    (boots unavailable)
Stlth   +++.......               g - amulet of magic regeneration
HPRegen 0.24/turn                (no ring)
MPRegen 0.52/turn                (no ring)

@: very quick
A: very small, no large weapons, unfitting armour, see invisible, speed 3
a: no special abilities


You were on level 3 of the Dungeon.
You visited 1 branch of the dungeon, and saw 3 of its levels.

You collected 142 gold pieces.


Innate Abilities, Weirdness & Mutations

You are very small and have problems with some larger weapons.
You are too small for most types of armour.
You have supernaturally acute eyesight. (SInv)
You cover ground extremely quickly. (Speed+++)


   Skills:
 + Level 2.5 Short Blades
 + Level 3.9 Dodging
 + Level 5.6 Stealth
 + Level 3.8 Spellcasting
 + Level 4.6 Hexes


You had 3 spell levels left.
You knew the following spells:

 Your Spells              Type           Power      Damage    Failure   Level
a - Ensorcelled Hibernat  Hex/Ice        20%        N/A       10%         2
b - Confusing Touch       Hex            17%        N/A       8%          3
c - Tukima's Dance        Hex            17%        N/A       8%          3

Your spell library contained the following spells:

 Spells                   Type           Power      Damage    Failure   Level
 Dazzling Flash           Conj/Hex       20%        N/A       21%         3

Inventory:

Hand Weapons
 a - a +1 dagger (weapon)
Armour
 b - a +0 robe (worn)
 l - an orb of energy
Jewellery
 g - an amulet of magic regeneration (around neck)
Scrolls
 h - a scroll of fear {unknown}
 i - a scroll of poison {unknown}
 j - a scroll of noise {unknown}
 k - a scroll of butterflies {unknown}
Potions
 c - 2 potions of invisibility
 d - a potion of curing {@q1}
 e - 2 potions of flight
 f - a potion of brilliance

Dungeon Overview and Level Annotations

Branches:
Dungeon (3/15)

Altars:
Yredelemnul

Annotations:
D:3 1 runed translucent door

..........#..#▒▒.▒▒ #
..........#.#▒▒...▒▒######
#...........▒▒.....▒▒>....
#...........▒.......▒...##
....!.....#.....⚑.......#
.......5..##▒.......▒...##
..........# ▒▒.....▒▒.###.
......)K..# ▒▒...▒▒..# #.
.$.......@####▒▒.▒▒#..# #.
#.....................###.
........###########.......
....###?. #.#.###. +▒▒▒
### #. #.# #. ... #.##)#
#. .. #.##.# #. ..##.# ##
▒### .##..#


You could see a white imp and a kobold.


Message History

Found 11 gold pieces.
The white imp gestures at you. The puff of frost misses you.
The kobold shouts!
Found a runed translucent gate.
The kobold shouts!
The kobold completely misses you.
You hit the kobold.
You kill the kobold!
The white imp gestures at you. The puff of frost hits you!
The white imp completely misses you.
You hit the white imp but do no damage.
The white imp grinds its teeth.
The white imp misses you.
You hit the white imp.
The white imp is lightly wounded.
You hit the white imp but do no damage.
The white imp is lightly wounded.
The white imp gestures at you. The puff of frost hits you!
* * * LOW HITPOINT WARNING * * *
The kobold closely misses you. The white imp gestures at you.
The puff of frost hits you.
* * * LOW HITPOINT WARNING * * *
The white imp gestures at you. The puff of frost hits you!
Ouch! That really hurt!
You die...

Skill      XL: |  1  2  3 |
---------------+----------+-----
Dodging        | 3 |  3.9
Spellcasting   | 3 |  3.8
Hexes          | 4 |  4.6
Stealth        | 5 |  5.6
Short Blades   | 2 |  2.5

Action                   |  1- 3 |  4- 6 || total
-------------------------+-------+-------++-------
Melee: Dagger            |   162 |   180 ||   342
       Punch             |       |     2 ||     2
 Cast: Ensorcelled Hiber |       |    30 ||    30
  Use: Scroll            |       |     3 ||     3
 Stab: Sleeping          |     7 |    24 ||    31
Armor: Robe              |    10 |    12 ||    22
Dodge: Dodged            |   115 |   138 ||   253

Levels and vault maps discovered:
D:1:      minmay_arrival_shoal_huts, layout_loops_ring, kennysheep_minor_cross,
          st_stairs_4, minmay_pentomino_z2
D:2:      wad_river_or_something, layout_basic,
          hellmonk_ecumenical_altar_arch_garden
D:3:      layout_rooms, lemuel_round_altar, gammafunk_ghost_cemetery

Notes
Turn   | Place    | Note
-------+----------+-------------------------------------------
     0 | D:1      | xzight the Spriggan Enchanter began the quest for the Orb.
     0 | D:1      | Reached XP level 1. HP: 9/9 MP: 5/5
   193 | D:1      | Reached XP level 2. HP: 9/13 MP: 6/6
   230 | D:1      | You fall into a shaft and drop 1 floor!
   252 | D:2      | Reached skill level 3 in Dodging
   381 | D:1      | Reached skill level 3 in Spellcasting
   741 | D:1      | Reached skill level 4 in Hexes
   842 | D:1      | Reached XP level 3. HP: 16/16 MP: 8/8
   976 | D:2      | Reached skill level 5 in Stealth
  1134 | D:2      | Reached skill level 2 in Short Blades
  1255 | D:1      | Learned a level 2 spell: Ensorcelled Hibernation
  1265 | D:2      | Reached XP level 4. HP: 18/21 MP: 10/10
  1387 | D:2      | Learned a level 3 spell: Confusing Touch
  1391 | D:2      | Learned a level 3 spell: Tukima's Dance
  2316 | D:2      | Found a faded altar of an unknown god.
  2592 | D:3      | Reached XP level 5. HP: 24/24 MP: 11/11
  2841 | D:3      | Found a basalt altar of Yredelemnul.
  2874 | D:3      | Found a runed translucent gate.
  2882 | D:3      | Killed from afar by a white imp

Vanquished Creatures
  8 adders
  A worm (D:2)
  A dart slug (D:1)
  10 orcs (D:3)
  5 ball pythons
  4 bats
  6 endoplasms
  7 giant cockroaches
  4 goblins
  8 hobgoblins
  A jackal (D:2)
  2 quokkas (D:2)
  4 frilled lizards
  11 kobolds
  4 rats
76 creatures vanquished.

Table legend: (Time is in decaauts)
 A = Elapsed time spent in this place.
 B = Non-inter-level travel time spent in this place.
 C = Inter-level travel time spent in this place.
 D = Time resting spent in this place.
 E = Time spent auto-exploring this place.
 F = Levels seen in this place.
 G = Mean time per level.
                   A        B        C        D        E       F      G
               +--------+--------+--------+--------+--------+-----+--------+
         Total |   2206 |   2131 |     75 |    605 |    813 |   3 |  735.3 |
       Dungeon |   2206 |   2131 |     75 |    605 |    813 |   3 |  735.3 |
               +--------+--------+--------+--------+--------+-----+--------+

Top non-repeatable levels by time:
     D:2: 1098 daAuts
     D:1: 753 daAuts
     D:3: 355 daAuts

Table legend:
 A = Non-vault XP
 B = Vault XP
 C = Vault XP percentage of total XP
 D = Non-vault monster count
 E = Vault monster count
 F = Vault count percentage of total count
                 A         B        C        D         E       F
            +---------+---------+-------+---------+---------+-------
      Total |     202 |      36 |  15.1 |      63 |      13 |  17.1
            +---------+---------+-------+---------+---------+-------
        D:1 |      58 |      10 |  14.7 |      21 |       4 |  16.0
        D:2 |      82 |      26 |  24.1 |      19 |       9 |  32.1
        D:3 |      62 |       0 |   0.0 |      23 |       0 |   0.0
            +---------+---------+-------+---------+---------+-------
